 Dungeon Crawl Stone Soup version 0.21.1-1-g345015f (webtiles) character file.

39 letownia2 the Poker (level 3, 0/27 HPs)
             Began as a Merfolk Skald on Mar 13, 2018.
             Succumbed to an adder's poison
             ... on level 2 of the Dungeon.
             The game lasted 00:02:34 (423 turns).

letownia2 the Poker (Merfolk Skald)                  Turns: 423, Time: 00:02:35

Health: 0/27       AC:  3    Str: 11      XL:     3   Next: 45%
Magic:  1/6        EV: 12    Int: 12 (13) God:
Gold:   30         SH:  0    Dex: 10 (13) Spells: 3/6 levels left

rFire    . . .     SeeInvis .   a - +0 spear
rCold    . . .     Gourm    .   (no shield)
rNeg     . . .     Faith    .   b - +0 leather armour
rPois    .         Spirit   .   (no helmet)
rElec    .         Reflect  .   (no cloak)
rCorr    .         Harm     .   (no gloves)
MR       .....                  (no boots)
Stlth    +.........             (no amulet)
HPRegen  0.09/turn              (no ring)
MPRegen  0.10/turn              (no ring)

@: lethally poisoned (0 -> -4)
A: change form in water, swift swim, stealthy swim
a: no special abilities


You were on level 2 of the Dungeon.
You were not hungry.

You visited 1 branch of the dungeon, and saw 2 of its levels.

You collected 30 gold pieces.

Inventory:

Hand Weapons
 a - a +0 spear (weapon)
Missiles
 h - 26 sling bullets
Armour
 b - a +0 leather armour (worn)
 i - a +0 ring mail
Scrolls
 e - a scroll of teleportation {unknown}
 f - 2 scrolls of identify {unknown}
 l - a scroll of amnesia {unknown}
 m - a scroll of remove curse {unknown}
Potions
 g - a potion of berserk rage {unknown}
 n - a potion of brilliance {unknown}
Books
 c - a book of Battle

   Spells                             Type                      Level
   a - Infusion                       Charms                       1
   b - Shroud of Golubria             Charms/Translocation         2
   c - Song of Slaying                Charms                       2
   d - Spectral Weapon                Hexes/Charms                 3
   e - Regeneration                   Charms/Necromancy            3
Comestibles
 d - 2 rations


   Skills:
 - Level 2.1 Fighting
 - Level 4.2 Polearms
 - Level 0.6 Armour
 - Level 2.6 Dodging
 - Level 2.0 Spellcasting
 - Level 3.2 Charms
 + Level 1.7 Translocations


You had 3 spell levels left.
You knew the following spells:

 Your Spells              Type           Power        Failure   Level  Hunger
a - Infusion              Chrm           #...         10%         1    ##.....
t - Shroud of Golubria    Chrm/Tloc      #.........   19%         2    ###....


Dungeon Overview and Level Annotations

Branches:
Dungeon (2/15)

Altars:


Message History

Aim: an adder (moderately wounded)
You hit the adder.
The adder is severely wounded.
The adder closely misses you.
Attack whom?
Press: ? - help, Dir - move target cursor, f/p - adder
Aim: an adder (severely wounded)
You miss the adder.
The adder is severely wounded.
The adder bites you.
* * * LOW HITPOINT WARNING * * *
You are lethally poisoned!
The adder poisons you!
Your magical contamination has completely faded away.
Attack whom?
Press: ? - help, Dir - move target cursor, f/p - adder
Aim: an adder (severely wounded)
You closely miss the adder.
The adder is severely wounded.
You die...

.....>.# ...(... .....#...
..!.# ..#### #..(# .....
#(..# ... #...# #.##
#.(S####..# #####...@(....#
........†)(.....# .#.
.######..#####.## # ..
.....(......#.# ##.#
#.#####..#.#......# ....#
#..## #..#.#.#.####.### .....
... ...#.#.#.........
.....###.#####.#.#.#.####.###
......<#..####.#.#.#.####.#


You could see an adder.

Vanquished Creatures
  2 adders (D:2)
  3 bats (D:1)
  A goblin (D:2)
  2 hobgoblins (D:1)
  3 jackals (D:1)
  5 kobolds
  2 frilled lizards
  2 rats (D:1)
20 creatures vanquished.

Notes
Turn   | Place    | Note
-------+----------+-------------------------------------------
     0 | D:1      | letownia2 the Merfolk Skald began the quest for the Orb.
     0 | D:1      | Reached XP level 1. HP: 16/16 MP: 3/3
   159 | D:1      | Reached skill level 4 in Polearms
   159 | D:1      | Reached XP level 2. HP: 17/22 MP: 3/5
   223 | D:1      | Learned a level 2 spell: Shroud of Golubria
   359 | D:2      | Reached skill level 1 in Translocations
   359 | D:2      | Reached XP level 3. HP: 3/27 MP: 2/6
   422 | D:2      | HP: 1/27 [adder (4)]
   423 | D:2      | Succumbed to an adder's poison

Skill      XL: |  1  2 |
---------------+-------+-----
Polearms       | 4 |  4.2
Translocations | 1 |  1.7
Fighting       | |  2.1
Armour         | |  0.6
Dodging        | |  2.6
Spellcasting   | |  2.0
Charms         | |  3.2

Action                   || total
-------------------------++-------
Melee: Spear             ||   114
Throw: Javelin           ||    10
 Cast: Infusion          ||     2
       Shroud of Golubri ||     7
  Use: Potion            ||     2
Armor: Leather armour    ||    41
Dodge: Dodged            ||    85
